Map: [ESL] Crimson Court

Players

AqueroN - Winner!

  • Race: Terran Terran
  • Spawn Location: 1:00

Bly

  • Race: Zerg Zerg
  • Spawn Location: 7:00

VOD

Have the link to the VOD?

Description

Time

  • Played on: April 11, 2024, 2:10 p.m.
  • Length: 6:31
Show
View Real Time Build Order
Export as new Build Order

AqueroN Terran - Winner!

Build Orders:  

Get SALT Encoding   

  12  0:00  SCV  
  13  0:12  SCV  
  14  0:17  Supply Depot  
  14  0:24  SCV  
  15  0:39  SCV  
  15  0:40  Barracks  
  16  0:43  Refinery  
  16  0:51  SCV  
  17  1:02  Barracks  
  17  1:03  SCV  
  18  1:15  SCV  
  19  1:27  Orbital Command, Reaper  
  20  1:37  Supply Depot  
  20  1:49  Reaper  
  20  1:53  SCV  
  22  2:03  Reaper  
  23  2:09  Command Center  
  23  2:11  SCV  
  24  2:16  Refinery  
  24  2:23  SCV  
  24  2:25  Reaper  
  26  2:35  SCV  
  27  2:41  Barracks Reactor  
  27  2:46  Barracks  
  27  2:47  SCV  
  27  2:51  Supply Depot  
  28  2:59  SCV  
  28  3:02  Barracks Tech Lab  
  29  3:11  Barracks  
  29  3:12  SCV, Bunker  
  30  3:18  Marine x2  
  32  3:22  Orbital Command  
  32  3:26  Stimpack  
  32  3:29  SCV  
  32  3:30  Marine  
  34  3:35  Barracks Tech Lab  
  34  3:36  Marine  
  34  3:38  Marine  
  36  3:42  SCV  
  37  3:48  Marine  
  37  3:50  SCV  
  37  3:54  Marine, Combat Shield  
  40  3:55  Marine  
  40  3:59  Marine  
  40  4:01  Marine  
  43  4:03  Supply Depot, SCV  
  43  4:05  SCV  
  43  4:07  Marine  
  46  4:12  Marine  
  46  4:13  Marine  
  48  4:17  Supply Depot, Marine  
  48  4:19  Marine, SCV  
  48  4:20  SCV  
  52  4:25  Marine  
  52  4:29  Marine  
  54  4:31  Marine, SCV  
  54  4:32  SCV  
  54  4:36  Marine  
  54  4:37  Marine  
  59  4:43  Supply Depot, Marine  
  60  4:47  Marine, Factory  
  60  4:48  SCV  
  60  4:49  Marine, SCV  
  64  4:53  Supply Depot  
  64  4:54  Marine  
  64  4:56  Marine  
  66  5:01  Marine  
  66  5:03  Supply Depot, SCV  
  66  5:05  Marine  
  69  5:07  Marine  
  69  5:12  SCV  
  71  5:15  Supply Depot, SCV  
  71  5:18  Barracks Reactor  
  71  5:19  Marine x2  
  74  5:23  Marine  
  74  5:24  Marine  
  74  5:27  SCV  
  74  5:28  SCV  
  78  5:37  Marine x2  
  78  5:40  SCV  
  81  5:47  SCV  
  81  5:49  Marine x2  
  83  5:52  SCV, Starport, Factory Reactor  
  83  5:54  Marine  
  83  5:56  Supply Depot  
  86  6:00  Marine x2  
  86  6:01  Marine  
  86  6:02  SCV  
  88  6:04  SCV  
  88  6:07  Marine x2  
  83  6:22  Command Center  
Show
View Real Time Build Order
Export as new Build Order

Bly Zerg 

Build Orders: Hatch First 

Get SALT Encoding   

  12  0:00  Drone  
  13  0:12  Overlord  
  13  0:18  Drone  
  14  0:32  Drone x2  
  16  0:47  Hatchery  
  15  0:52  Drone  
  15  0:55  Drone  
  17  1:00  Drone  
  18  1:10  Extractor  
  17  1:15  Spawning Pool  
  17  1:16  Drone  
  17  1:19  Drone  
  18  1:27  Drone  
  19  1:38  Drone  
  20  1:50  Overlord  
  20  2:01  Zergling x4  
  20  2:02  Queen x2  
  26  2:12  Zergling x4, Metabolic Boost  
  28  2:27  Drone x2  
  30  2:38  Queen  
  30  2:41  Queen  
  30  2:42  Overlord  
  34  2:49  Drone x2  
  36  3:03  Overlord  
  36  3:04  Drone x4  
  40  3:12  Drone x3  
  43  3:18  Lair  
  43  3:25  Drone x3  
  46  3:29  Drone x2  
  48  3:44  Drone x3  
  51  3:49  Extractor  
  51  3:50  Extractor  
  51  3:51  Drone  
  51  3:52  Drone x2  
  51  3:54  Overlord  
  51  3:55  Extractor  
  51  4:01  Drone  
  51  4:02  Roach Warren  
  51  4:12  Drone  
  51  4:14  Overlord  
  52  4:20  Spire  
  52  4:21  Drone x5  
  56  4:31  Hatchery  
  56  4:32  Zergling x6  
  56  4:35  Drone  
  56  4:36  Drone  
  60  4:46  Baneling Nest, Drone x2  
  60  4:51  Overlord x2  
  61  4:59  Drone  
  65  5:00  Drone x3  
  65  5:15  Drone x5  
  70  5:25  Extractor  
  70  5:27  Roach  
  70  5:28  Roach x3  
  76  5:41  Roach x4  
  84  5:45  Overlord x2  
  84  5:48  Baneling x9  
  66  5:57  Roach x2  
  66  5:58  Roach  
Tags
 
Add a new tag
Caveats
  • Supply blocks, unpowered buildings, or Contaminate may cause inaccurate times.
  • Supply counts are checked every 10 seconds.